TOP OF THE 1ST |
Danville Braves batting - Pitching for Bristol Pirates : RHP George Sechler
|
Pitching: RHP George Sechler
|
|
Batting: RHB George Provance
|
0-0: Bunt missed! 0-1: Fly out, F9 (Line Drive, 9D, EV 91.9 MPH)
|
Batting: LHB Ryan Murdock
|
0-0: Ball 1-0: Ball 2-0: Called Strike 2-1: Ball 3-1: Foul Ball, location: 2F 3-2: Base on Balls
|
Batting: RHB Josh McCormick
|
0-0: Ball 1-0: Ball 2-0: Ball 3-0: Called Strike 3-1: Base on Balls Ryan Murdock to second
|
Batting: SHB Jose Melendez
|
0-0: Ball 1-0: Ball 2-0: Ball 3-0: Called Strike 3-1: DOUBLE (Line Drive, 9LS, EV 106.2 MPH) Ryan Murdock scores Josh McCormick to third
|
Batting: RHB Brandon Burrell
|
0-0: SINGLE (Groundball, 56D, EV 95.0 MPH) Josh McCormick scores Jose Melendez to third
|
Batting: RHB Terry Hughes
|
0-0: Called Strike 0-1: Foul Ball, location: 2F 0-2: Ball 1-2: Foul Ball, location: 2F 1-2: Strikes out swinging
|
Batting: RHB Gerard Michel
|
Balk! Jose Melendez scores Brandon Burrell to second 0-0: Called Strike 0-1: Foul Ball, location: 2F 0-2: Foul Ball, location: 2F 0-2: Strikes out looking
|
Top of the 1st over - 3 runs, 2 hits, 0 errors, 1 left on base; Danville 3 - Bristol 0 |
BOTTOM OF THE 1ST |
Bristol Pirates batting - Pitching for Danville Braves : RHP Justin Collins
|
Pitching: RHP Justin Collins
|
|
Batting: RHB Perry Dominey
|
0-0: Ball 1-0: Called Strike 1-1: Ball 2-1: Ball 3-1: Fly out, F3 (Popup, 3S, EV 76.2 MPH)
|
Batting: RHB Etsuro Hosokawa
|
0-0: Ball 1-0: Fly out, F9 (Flyball, 9D, EV 84.4 MPH)
|
Batting: RHB Jaime Dubicki
|
0-0: Foul Ball, location: 2F 0-1: Foul Ball, location: 2F 0-2: Ball 1-2: Ball 2-2: Ball 3-2: Ground out 6-3 (Groundball, 56D, EV 87.5 MPH)
|
Bottom of the 1st over - 0 runs, 0 hits, 0 errors, 0 left on base; Danville 3 - Bristol 0 |
TOP OF THE 2ND |
Danville Braves batting - Pitching for Bristol Pirates : RHP George Sechler
|
Batting: RHB Adrian Billups
|
0-0: Ball 1-0: Ball 2-0: Ball 3-0: Called Strike 3-1: Foul Ball, location: 2F 3-2: Foul Ball, location: 2F 3-2: Foul Ball, location: 2F 3-2: Base on Balls
|
Pitching: LHP Norm Silveira-Wray
|
|
Batting: RHB Vicente Guillen
|
0-0: Called Strike 0-1: Foul Ball, location: 2F 0-2: Foul Ball, location: 2F 0-2: SINGLE (Groundball, 5D, EV 98.8 MPH) Adrian Billups to second
|
Batting: RHB George Provance
|
0-0: Swinging Strike 0-1: SINGLE (Groundball, 56D, EV 105.0 MPH) Adrian Billups to third Vicente Guillen to second Throwing error, E7 Adrian Billups scores Vicente Guillen to third George Provance to second
|
Batting: LHB Ryan Murdock
|
0-0: Foul Ball, location: 2F 0-1: Ball 1-1: Ball 2-1: Swinging Strike 2-2: Foul Ball, location: 2F 2-2: DOUBLE (Flyball, 8RXD, EV 111.2 MPH) Vicente Guillen scores George Provance scores
|
Batting: RHB Josh McCormick
|
0-0: Ball 1-0: Ball 2-0: DOUBLE (Line Drive, 8RXD, EV 101.9 MPH) Ryan Murdock scores
|
Batting: SHB Jose Melendez
|
0-0: Ball 1-0: Ball 2-0: Called Strike 2-1: Foul Ball, location: 2F 2-2: Foul Ball, location: 2F 2-2: Ball 3-2: Base on Balls
|
Batting: RHB Brandon Burrell
|
0-0: Ball 1-0: Ball 2-0: Fly out, F2 (Popup, 23F, EV 85.6 MPH)
|
Batting: RHB Terry Hughes
|
0-0: Ball 1-0: Foul Ball, location: 2F 1-1: Ball 2-1: Called Strike 2-2: Foul Ball, location: 2F 2-2: Foul Ball, location: 2F 2-2: Foul Ball, location: 2F 2-2: Foul Ball, location: 2F 2-2: Foul Ball, location: 2F 2-2: Foul Ball, location: 2F 2-2: SINGLE (Line Drive, 4D, EV 105.6 MPH) Josh McCormick to third Jose Melendez to second
|
Batting: RHB Gerard Michel
|
0-0: Ball 1-0: Foul Ball, location: 2F 1-1: DOUBLE (Line Drive, 7LS, EV 87.5 MPH) Josh McCormick scores Jose Melendez scores Terry Hughes to third
|
Batting: RHB Adrian Billups
|
0-0: Fly out, F9 (Flyball, 89XD, EV 96.2 MPH) Runner from 3rd tags up, SCORES, no throw by RF
|
Pitching: RHP Joe Wise
|
|
Batting: RHB Vicente Guillen
|
0-0: Called Strike 0-1: Ball 1-1: Fly out, F8 (Flyball, 8LD, EV 93.1 MPH)
|
Top of the 2nd over - 7 runs, 6 hits, 1 error, 1 left on base; Danville 10 - Bristol 0 |
BOTTOM OF THE 2ND |
Bristol Pirates batting - Pitching for Danville Braves : RHP Justin Collins
|
Batting: LHB Tomohiro Yokoyama
|
0-0: Ball 1-0: Called Strike 1-1: Ball 2-1: Ball 3-1: Foul Ball, location: 2F 3-2: Foul Ball, location: 2F 3-2: Base on Balls
|
Batting: LHB Ruben Garza
|
0-0: Called Strike 0-1: Foul Ball, location: 2F 0-2: Foul Ball, location: 2F 0-2: Ball 1-2: Fly out, F6 (Popup, 4MS, EV 71.9 MPH)
|
Batting: LHB Randy Boone
|
0-0: Ball Tomohiro Yokoyama steals 2nd base (no throw) 1-0: Called Strike 1-1: Fly out, F7 (Flyball, 7S, EV 92.5 MPH)
|
Batting: RHB Andrew DeRicco
|
0-0: Called Strike 0-1: Called Strike 0-2: Ground out 5-3 (Groundball, 5L, EV 85.6 MPH)
|
Bottom of the 2nd over - 0 runs, 0 hits, 0 errors, 1 left on base; Danville 10 - Bristol 0 |
TOP OF THE 3RD |
Danville Braves batting - Pitching for Bristol Pirates : RHP Joe Wise
|
Batting: RHB George Provance
|
0-0: Fly out, F9 (Line Drive, 9, EV 85.6 MPH)
|
Batting: LHB Ryan Murdock
|
0-0: Ball 1-0: Ball 2-0: Ball 3-0: Base on Balls
|
Batting: RHB Josh McCormick
|
0-0: Ball 1-0: Fly out, F9 (Flyball, 89M, EV 87.5 MPH)
|
Batting: SHB Jose Melendez
|
0-0: Ball 1-0: Ball Wild Pitch! Ryan Murdock to second 2-0: Called Strike 2-1: DOUBLE (Flyball, 8RXD, EV 108.1 MPH) Ryan Murdock scores
|
Batting: RHB Brandon Burrell
|
0-0: Ball 1-0: Ball 2-0: Called Strike 2-1: Foul Ball, location: 2F 2-2: Foul Ball, location: 2F 2-2: SINGLE (Groundball, 15S, EV 60.6 MPH) (infield hit) Jose Melendez to third
|
Pitching: RHP Randy Bergman
|
|
Batting: RHB Terry Hughes
|
0-0: Called Strike 0-1: Ball 1-1: Swinging Strike 1-2: Foul Ball, location: 2F 1-2: Foul Ball, location: 2F 1-2: Ball 2-2: Ball 3-2: Base on Balls Brandon Burrell to second
|
Batting: RHB Gerard Michel
|
0-0: Ball 1-0: Ball Passed Ball! Jose Melendez scores Brandon Burrell to third Terry Hughes to second 2-0: Foul Ball, location: 2F 2-1: Ground out 6-3 (Groundball, 4MS, EV 71.9 MPH)
|
Top of the 3rd over - 2 runs, 2 hits, 0 errors, 2 left on base; Danville 12 - Bristol 0 |
BOTTOM OF THE 3RD |
Bristol Pirates batting - Pitching for Danville Braves : RHP Justin Collins
|
Batting: RHB Rob Colley
|
0-0: Ground out 3-1 (Groundball, 34, EV 80.6 MPH)
|
Batting: RHB Gilberto Victoria
|
0-0: Called Strike 0-1: Ball 1-1: Foul Ball, location: 2F 1-2: SINGLE (Line Drive, 4D, EV 96.9 MPH)
|
Batting: RHB Perry Dominey
|
0-0: Ball 1-0: Ball 2-0: SINGLE (Line Drive, 8LS, EV 98.8 MPH) Gilberto Victoria to second
|
Batting: RHB Etsuro Hosokawa
|
0-0: Called Strike 0-1: Ball 1-1: Swinging Strike 1-2: Foul Ball, location: 2F 1-2: Foul Ball, location: 2F 1-2: Fielders Choice at 2nd, 1-4 (Groundball, 15S, EV 71.2 MPH) Gilberto Victoria to third
|
Batting: RHB Jaime Dubicki
|
0-0: Ground out 4-3 (Groundball, 4M, EV 104.4 MPH)
|
Bottom of the 3rd over - 0 runs, 2 hits, 0 errors, 2 left on base; Danville 12 - Bristol 0 |
TOP OF THE 4TH |
Danville Braves batting - Pitching for Bristol Pirates : RHP Randy Bergman
|
Batting: RHB Adrian Billups
|
0-0: Called Strike 0-1: Ball 1-1: Ground out 6-3 (Groundball, 6, EV 91.2 MPH)
|
Batting: RHB Vicente Guillen
|
0-0: Ball 1-0: Fly out, F8 (Flyball, 8LD, EV 81.9 MPH)
|
Batting: RHB George Provance
|
0-0: Called Strike 0-1: Ground out 4-3 (Groundball, 4, EV 83.8 MPH)
|
Top of the 4th over - 0 runs, 0 hits, 0 errors, 0 left on base; Danville 12 - Bristol 0 |
BOTTOM OF THE 4TH |
Bristol Pirates batting - Pitching for Danville Braves : RHP Justin Collins
|
Batting: LHB Tomohiro Yokoyama
|
0-0: Swinging Strike 0-1: Swinging Strike 0-2: Strikes out swinging
|
Batting: LHB Ruben Garza
|
0-0: Ball 1-0: Ball 2-0: Ball 3-0: Called Strike 3-1: Base on Balls
|
Batting: LHB Randy Boone
|
0-0: Ball 1-0: Ball 2-0: Foul Ball, location: 2F 2-1: Called Strike 2-2: Strikes out swinging Ruben Garza steals 2nd base (no throw) Batter strikes out.
|
Batting: RHB Andrew DeRicco
|
0-0: Foul Ball, location: 2F 0-1: Swinging Strike 0-2: Foul Ball, location: 2F 0-2: Ground out 5-3 (Groundball, 56, EV 81.2 MPH)
|
Bottom of the 4th over - 0 runs, 0 hits, 0 errors, 1 left on base; Danville 12 - Bristol 0 |
TOP OF THE 5TH |
Danville Braves batting - Pitching for Bristol Pirates : RHP Randy Bergman
|
Pitching: RHP Pete Hutton
|
|
Batting: LHB Ryan Murdock
|
0-0: Ball 1-0: Ball 2-0: Ball 3-0: Base on Balls
|
Batting: RHB Josh McCormick
|
0-0: Called Strike 0-1: Ball 1-1: Ball 2-1: Hit by Pitch Ryan Murdock to second
|
Batting: SHB Jose Melendez
|
0-0: Called Strike 0-1: Ball 1-1: Swinging Strike 1-2: Strikes out swinging
|
Batting: RHB Brandon Burrell
|
0-0: Ball 1-0: Ball 2-0: Ball 3-0: Base on Balls Ryan Murdock to third Josh McCormick to second
|
Batting: RHB Terry Hughes
|
0-0: Ball 1-0: Foul Ball, location: 2F 1-1: Foul Ball, location: 2F 1-2: Ball 2-2: Grounds into double play, 5-4-3 (Groundball, 5, EV 99.4 MPH)
|
Top of the 5th over - 0 runs, 0 hits, 0 errors, 2 left on base; Danville 12 - Bristol 0 |
BOTTOM OF THE 5TH |
Bristol Pirates batting - Pitching for Danville Braves : RHP Justin Collins
|
Batting: RHB Rob Colley
|
0-0: Called Strike 0-1: Ball 1-1: Ball 2-1: Ball 3-1: Foul Ball, location: 2F 3-2: Strikes out swinging
|
Batting: RHB Gilberto Victoria
|
0-0: Ball 1-0: Foul Ball, location: 2F 1-1: Ball 2-1: Called Strike 2-2: Strikes out swinging
|
Batting: RHB Perry Dominey
|
0-0: Ground out 5-3 (Groundball, 56S, EV 83.1 MPH)
|
Bottom of the 5th over - 0 runs, 0 hits, 0 errors, 0 left on base; Danville 12 - Bristol 0 |
TOP OF THE 6TH |
Danville Braves batting - Pitching for Bristol Pirates : RHP Pete Hutton
|
Pitching: RHP Joe Simanton
|
|
Batting: RHB Gerard Michel
|
0-0: Ball 1-0: Foul Ball, location: 2F 1-1: Foul Ball, location: 2F 1-2: Ball 2-2: Foul Ball, location: 2F 2-2: SINGLE (Line Drive, 6MD, EV 96.2 MPH)
|
Batting: RHB Adrian Billups
|
0-0: Fly out, F8 (Flyball, 8LXD, EV 101.2 MPH)
|
Batting: RHB Vicente Guillen
|
0-0: Ball 1-0: Called Strike 1-1: Called Strike 1-2: Foul Ball, location: 2F 1-2: SINGLE (Groundball, 4D, EV 97.5 MPH) Gerard Michel to second
|
Batting: RHB George Provance
|
0-0: Ball 1-0: Swinging Strike 1-1: Called Strike 1-2: Strikes out swinging
|
Batting: LHB Ryan Murdock
|
0-0: Ball 1-0: Swinging Strike 1-1: Foul Ball, location: 2F 1-2: Strikes out swinging
|
Top of the 6th over - 0 runs, 2 hits, 0 errors, 2 left on base; Danville 12 - Bristol 0 |
BOTTOM OF THE 6TH |
Bristol Pirates batting - Pitching for Danville Braves : RHP Justin Collins
|
Batting: RHB Etsuro Hosokawa
|
0-0: Called Strike 0-1: Swinging Strike 0-2: Strikes out swinging
|
Batting: RHB Jaime Dubicki
|
0-0: Ball 1-0: Swinging Strike 1-1: Swinging Strike 1-2: Ball 2-2: Foul Ball, location: 2F 2-2: Ball 3-2: SINGLE (Groundball, 6MS, EV 77.5 MPH) (infield hit)
|
Batting: LHB Tomohiro Yokoyama
|
0-0: Foul Ball, location: 2F 0-1: Foul Ball, location: 2F 0-2: Foul Ball, location: 2F 0-2: Foul Ball, location: 2F 0-2: Foul Ball, location: 2F 0-2: SINGLE (Line Drive, 8RS, EV 88.1 MPH) Jaime Dubicki to second
|
Pitching: LHP Darius Brown
|
|
Batting: LHB Ruben Garza
|
0-0: Fielders Choice at 2nd, 4-6 (Groundball, 4, EV 100.0 MPH) Jaime Dubicki to third
|
Batting: LHB Randy Boone
|
0-0: Ball 1-0: Called Strike 1-1: SINGLE (Line Drive, 7LM, EV 89.4 MPH) Jaime Dubicki scores Ruben Garza to second
|
Batting: RHB Andrew DeRicco
|
0-0: Called Strike 0-1: Foul Ball, location: 2F 0-2: Ball 1-2: Strikes out looking
|
Bottom of the 6th over - 1 run, 3 hits, 0 errors, 2 left on base; Danville 12 - Bristol 1 |
TOP OF THE 7TH |
Danville Braves batting - Pitching for Bristol Pirates : RHP Joe Simanton
|
Batting: RHB Josh McCormick
|
0-0: Called Strike 0-1: Reached on error, E5 (Groundball, 56S, EV 86.2 MPH)
|
Batting: SHB Jose Melendez
|
0-0: Ball 1-0: Called Strike 1-1: DOUBLE (Line Drive, 78XD, EV 105.0 MPH) Josh McCormick to third Runner from 3rd tries for Home, SAFE, throw by CF to home
|
Batting: RHB Brandon Burrell
|
0-0: Called Strike 0-1: 2-RUN HOME RUN (Flyball, 7D, EV 98.1 MPH), Distance : 373 ft
|
Batting: RHB Terry Hughes
|
0-0: SINGLE (Line Drive, 9S, EV 104.4 MPH)
|
Batting: RHB Gerard Michel
|
0-0: Ball 1-0: Foul Ball, location: 2F 1-1: Ball 2-1: Foul Ball, location: 2F 2-2: Grounds into double play, 6-4-3 (Groundball, 6, EV 85.6 MPH)
|
Batting: RHB Adrian Billups
|
0-0: Called Strike 0-1: Foul Ball, location: 2F 0-2: Ball 1-2: Ball 2-2: SOLO HOME RUN (Flyball, 7D, EV 99.4 MPH), Distance : 386 ft
|
Batting: RHB Vicente Guillen
|
0-0: Ball 1-0: Ball 2-0: Called Strike 2-1: Fly out, F3 (Popup, 34, EV 71.9 MPH)
|
Top of the 7th over - 4 runs, 4 hits, 1 error, 0 left on base; Danville 16 - Bristol 1 |
BOTTOM OF THE 7TH |
Bristol Pirates batting - Pitching for Danville Braves : LHP Darius Brown
|
Batting: RHB Rob Colley
|
0-0: Called Strike 0-1: Called Strike 0-2: Ball 1-2: Foul Ball, location: 2F 1-2: Strikes out looking
|
Batting: RHB Gilberto Victoria
|
0-0: Ball 1-0: Called Strike 1-1: Called Strike 1-2: Foul Ball, location: 2F 1-2: Strikes out swinging
|
Batting: RHB Perry Dominey
|
0-0: Ball 1-0: Called Strike 1-1: Ball 2-1: SINGLE (Line Drive, 34D, EV 96.9 MPH)
|
Batting: RHB Etsuro Hosokawa
|
0-0: Ball Perry Dominey steals 2nd base 1-0: Ball 2-0: Fly out, F6 (Line Drive, 6, EV 74.4 MPH)
|
Bottom of the 7th over - 0 runs, 1 hit, 0 errors, 1 left on base; Danville 16 - Bristol 1 |
TOP OF THE 8TH |
Danville Braves batting - Pitching for Bristol Pirates : RHP Joe Simanton
|
Batting: RHB George Provance
|
0-0: Ground out 4-3 (Groundball, 4, EV 101.2 MPH)
|
Batting: LHB Ryan Murdock
|
0-0: Ball 1-0: Called Strike 1-1: Ball 2-1: Swinging Strike 2-2: Ball 3-2: Base on Balls
|
Batting: RHB Josh McCormick
|
0-0: Called Strike 0-1: Foul Ball, location: 2F 0-2: Reached on error, E5 (Groundball, 5S, EV 65.0 MPH) Ryan Murdock to third
|
Batting: SHB Jose Melendez
|
0-0: Ball 1-0: Ground out 6-3 (Groundball, 6, EV 102.5 MPH) Ryan Murdock scores
|
Batting: RHB Brandon Burrell
|
0-0: Ball 1-0: Called Strike 1-1: Ball 2-1: Called Strike 2-2: Ground out 4-3 (Groundball, 4MD, EV 83.1 MPH)
|
Top of the 8th over - 1 run, 0 hits, 1 error, 1 left on base; Danville 17 - Bristol 1 |
BOTTOM OF THE 8TH |
Bristol Pirates batting - Pitching for Danville Braves : LHP Darius Brown
|
Batting: RHB Jaime Dubicki
|
0-0: Foul Ball, location: 2F 0-1: Called Strike 0-2: Ball 1-2: Ball 2-2: Ball 3-2: Fly out, F8 (Line Drive, 8LM, EV 91.9 MPH)
|
Batting: LHB Tomohiro Yokoyama
|
0-0: Foul Ball, location: 2F 0-1: DOUBLE (Flyball, 78D, EV 89.4 MPH)
|
Batting: LHB Ruben Garza
|
0-0: Ball 1-0: Ground out 4-3 (Groundball, 4, EV 108.1 MPH) Tomohiro Yokoyama to third
|
Batting: LHB Randy Boone
|
0-0: Ball 1-0: Foul Ball, location: 2F 1-1: Foul Ball, location: 2F 1-2: Ball 2-2: Strikes out swinging
|
Bottom of the 8th over - 0 runs, 1 hit, 0 errors, 1 left on base; Danville 17 - Bristol 1 |
TOP OF THE 9TH |
Danville Braves batting - Pitching for Bristol Pirates : RHP Joe Simanton
|
Batting: RHB Terry Hughes
|
0-0: Ball 1-0: Foul Ball, location: 2F 1-1: Foul Ball, location: 2F 1-2: Strikes out swinging
|
Batting: RHB Gerard Michel
|
0-0: SINGLE (Groundball, 4MD, EV 98.1 MPH)
|
Batting: RHB Adrian Billups
|
0-0: Ball 1-0: Ball 2-0: SINGLE (Groundball, 3D, EV 94.4 MPH) Gerard Michel to second
|
Batting: RHB Vicente Guillen
|
0-0: Called Strike 0-1: Ball 1-1: Ball 2-1: Grounds into double play, 4-6-3 (Groundball, 4, EV 81.9 MPH)
|
Top of the 9th over - 0 runs, 2 hits, 0 errors, 1 left on base; Danville 17 - Bristol 1 |
BOTTOM OF THE 9TH |
Bristol Pirates batting - Pitching for Danville Braves : LHP Darius Brown
|
Batting: RHB Andrew DeRicco
|
0-0: Called Strike 0-1: Foul Ball, location: 2F 0-2: Ball 1-2: Strikes out looking
|
Batting: RHB Rob Colley
|
0-0: Ground out 6-3 (Groundball, 56, EV 98.8 MPH)
|
Batting: RHB Gilberto Victoria
|
0-0: Ball 1-0: SOLO HOME RUN (Flyball, 7D, EV 104.4 MPH), Distance : 389 ft
|
Batting: RHB Perry Dominey
|
0-0: Swinging Strike 0-1: Ball 1-1: Called Strike 1-2: Foul Ball, location: 2F 1-2: Foul Ball, location: 2F 1-2: Ball 2-2: Foul Ball, location: 2F 2-2: Ground out 6-3 (Groundball, 6MS, EV 91.2 MPH)
|
Bottom of the 9th over - 1 run, 1 hit, 0 errors, 0 left on base; Danville 17 - Bristol 2 |
|